Sabres vs Senators

Created - Thursday, January 28, 2016 at 00:31

Goals
1 2 3 T
Sabres 2 0 0 2
Senators 0 1 0 1
Shots
1 2 3 T
Sabres 5 10 12 27
Senators 16 14 5 35

1st period

1. Sabres , Jay Bouwmeester 4 (Unassisted) at 1:30
2. Sabres , Rasmus Ristolainen 6 (Sidney Crosby, Steven Stamkos) at 7:34 (PP)

Penalties :
Alex Pietrangelo (Buf) for Roughing (Minor) at 2:03, Jonathan Toews (Ott) for Holding (Minor) at 7:20, Brooks Orpik (Buf) for Hooking (Minor) at 10:29, Pierre-Alexandre Parenteau (Buf) for Goalie Interference (Minor) at 19:46

2nd period

3. Senators , Loui Eriksson 17 (Connor Murphy, Kyle Turris) at 12:49

Penalties :
Tyler Myers (Ott) for Holding (Minor) at 9:23, Sidney Crosby (Buf) for Interference (Minor) at 13:12, Zach Bogosian (Ott) for Interference (Minor) at 16:01

3rd period

No Goal

Penalties :
Jarome Iginla (Ott) for High sticking (Minor) at 3:21, Brooks Orpik (Buf) for Holding (Minor) at 5:34, Zach Bogosian (Ott) for Hooking (Minor) at 18:57

Goalie Stats

Ondrej Pavelec (Buf), 22 saves from 23 shots - (0.957), 46:56 minutes
Karri Ramo (Buf), 12 saves from 12 shots - (1.000), W, 12-4-0, 13:04 minutes
Steve Mason (Ott), 25 saves from 27 shots - (0.926), L, 25-13-6, 60:00 minutes

Players Stats for Sabres

Player Name              G  A  P  +/- PIM S  H  SB GA TA FO     MP     PP MP  PK MP  
------------------------------------------------------------------------------------
Alec Martinez            0  0  0   1  0   1  1  0  0  1  0/0    21:29   2:40   3:57 
Alex Pietrangelo         0  0  0   0  2   3  0  2  1  1  0/0    24:45   2:40   5:01 
Benoit Pouliot           0  0  0   0  0   1  2  0  3  1  0/0    16:36   3:47   0:00 
Boyd Gordon              0  0  0  -1  0   1  0  1  1  0  4/8    11:35   0:00   4:48 
Brooks Orpik             0  0  0   0  4   1  4  2  0  2  0/0    19:42   0:00   3:31 
Chris Higgins            0  0  0   0  0   1  0  0  0  0  0/0    14:51   0:00   4:48 
David Perron             0  0  0   1  0   2  2  0  1  0  0/1    15:11   3:26   0:00 
Dwight King              0  0  0  -1  0   2  3  1  2  0  0/1    12:47   0:00   5:07 
Gustav Nyquist           0  0  0   0  0   0  0  0  2  0  0/2    15:43   3:26   0:00 
Jack Skille              0  0  0  -1  0   1  0  0  0  0  0/0     6:02   0:00   0:00 
Jay Bouwmeester          1  0  1   1  0   0  0  3  0  1  0/0    23:29   4:33   3:57 
Nikita Zadorov           0  0  0  -1  0   1  3  1  0  0  0/0    15:25   0:00   3:24 
Pierre-Alexandre Parente 0  0  0   0  2   2  0  0  2  0  1/1     9:57   0:00   0:00 
Rasmus Ristolainen       1  0  1  -1  0   1  1  2  0  0  0/0    16:40   4:33   0:00 
Ryan Kesler              0  0  0   1  0   2  2  0  2  1  6/10   15:11   3:26   0:00 
Sidney Crosby            0  1  1   0  2   2  0  0  0  0  12/20  17:14   3:47   0:00 
Steven Stamkos           0  1  1   0  0   5  1  0  3  1  1/1    17:09   3:47   0:00 
Vernon Fiddler           0  0  0   0  0   1  3  0  0  1  6/9    16:03   0:00   5:07 

Players Stats for Senators

Player Name              G  A  P  +/- PIM S  H  SB GA TA FO     MP     PP MP  PK MP  
------------------------------------------------------------------------------------
Boone Jenner             0  0  0   0  0   1  0  1  1  0  0/0    18:27   4:52   1:04 
Bryan Bickell            0  0  0   0  0   2  2  0  2  0  0/1     8:06   0:00   0:00 
Connor Murphy            0  1  1   1  0   4  1  0  0  1  0/0    11:53   0:00   2:52 
Dave Bolland             0  0  0   0  0   0  0  1  1  0  2/5    10:35   0:00   0:00 
Dion Phaneuf             0  0  0   0  0   3  2  3  0  2  0/0    27:20   5:49   5:00 
Jake Gardiner            0  0  0   1  0   3  0  1  0  0  0/0    13:50   0:00   0:00 
Jarome Iginla            0  0  0   0  2   3  2  1  1  0  1/2    20:35   4:52   4:22 
Johnny Oduya             0  0  0  -1  0   1  1  1  0  2  0/0    22:00   4:06   2:57 
Jonathan Toews           0  0  0   0  2   1  0  1  6  2  8/22   21:26   4:34   5:45 
Kyle Chipchura           0  0  0   0  0   1  0  0  0  0  2/4     8:49   0:18   0:20 
Kyle Turris              0  1  1   0  0   1  1  0  2  0  8/15   17:03   5:03   0:22 
Loui Eriksson            1  0  1   0  0   2  0  0  1  1  0/1    16:32   5:03   0:00 
Michael Grabner          0  0  0   0  0   3  0  1  1  0  0/1    14:04   0:00   2:11 
Mike Santorelli          0  0  0   0  0   3  0  0  0  0  1/1     8:06   0:00   0:00 
Phil Kessel              0  0  0   0  0   3  2  0  2  0  0/0    17:03   5:03   0:22 
Tomas Jurco              0  0  0   0  0   1  0  0  0  0  1/1    10:35   0:00   0:00 
Tyler Myers              0  0  0   0  2   1  1  3  0  2  0/0    25:51   5:49   2:31 
Zach Bogosian            0  0  0  -1  4   2  3  3  0  0  0/0    20:17   4:06   1:06 

3 Stars

1 - Jay Bouwmeester (Buf)
2 - Loui Eriksson (Ott)
3 - Rasmus Ristolainen (Buf)

Power Play

Sabres - 1 on 5 Attempt(s) - 20.00%
Senators - 0 on 6 Attempt(s) - 0.00%

Penalty Kill

Sabres - 6 on 6 Attempt(s) - 100.00% - Score 0 goal in Penalty Kill
Senators - 4 on 5 Attempt(s) - 80.00% - Score 0 goal in Penalty Kill

Team Stat

Sabres - Hits : 22 - Faceoff Wins : 30 - Blocked Shots : 12 - Penalty Minutes : 10
Senators - Hits : 15 - Faceoff Wins : 23 - Blocked Shots : 16 - Penalty Minutes : 10

Official

Referees : Unknown
Linesman : Unknown

Game Notes

1:30 of 1st period - Penalty Shot by Jay Bouwmeester for Sabres - Goal!
Karri Ramo is injured at 13:04 of 1st period (Separated Left Shoulder)
Ondrej Pavelec enters game at 13:04 of 1st period
Connor Murphy is injured at 2:36 of 3rd period (Right Eye)

Finance

Level 1 -- Attendance: 5154 (85.90%) -- Ticket Income $438,090
Level 2 -- Attendance: 4373 (87.46%) -- Ticket Income $227,396
Level 3 -- Attendance: 1720 (86.00%) -- Ticket Income $53,320
Level 4 -- Attendance: 3835 (95.88%) -- Ticket Income $65,195
Luxury Box -- Attendance: 877 (87.70%) -- Ticket Income $153,475
Game was played at the Scotiabank Place.
Total Attendance: 15959 (88.66%)
Total Ticket Income: $937,476
Other Income: $459,363
Total Income: $1,396,839

Sabres

5 vs 5 Forward 
   Center                   Left Wing                Right Wing               Time % Phy DF OF 
 1 Sidney Crosby            Gustav Nyquist           Steven Stamkos           35     0   2  3  
 2 Ryan Kesler              Benoit Pouliot           David Perron             33     0   2  3  
 3 Vernon Fiddler           Chris Higgins            Pierre-Alexandre Parentea20     1   2  2  
 4 Boyd Gordon              Dwight King              Jack Skille              12     2   3  0  

5 vs 5 Defense 
   Defense                  Defense                                           Time % Phy DF OF 
 1 Alex Pietrangelo         Brooks Orpik                                      35     1   2  2  
 2 Jay Bouwmeester          Alec Martinez                                     30     1   3  1  
 3 Nikita Zadorov           Rasmus Ristolainen                                25     3   2  0  
 4 Alex Pietrangelo         Jay Bouwmeester                                   10     0   2  3  

PowerPlay Forward 
   Center                   Left Wing                Right Wing               Time % Phy DF OF 
 1 Sidney Crosby            Benoit Pouliot           Steven Stamkos           57     0   0  5  
 2 Ryan Kesler              Gustav Nyquist           David Perron             43     0   1  4  

PowerPlay Defense
   Defense                  Defense                                           Time % Phy DF OF 
 1 Jay Bouwmeester          Rasmus Ristolainen                                57     0   1  4  
 2 Alec Martinez            Alex Pietrangelo                                  43     1   1  3  

Penalty Kill 4 Players Forward 
   Center                   Wing                     Time % Phy DF OF 
 1 Boyd Gordon              Chris Higgins            50     2   3  0  
 2 Vernon Fiddler           Dwight King              50     1   4  0  

Penalty Kill 4 Players Defense
   Defense                  Defense                  Time % Phy DF OF 
 1 Alex Pietrangelo         Brooks Orpik             50     1   3  1  
 2 Jay Bouwmeester          Alec Martinez            50     2   3  0  

Penalty Kill - 3 Players Forward 
   Forward                                           Time % Phy DF OF 
 1 Boyd Gordon                                       50     1   4  0  
 2 Vernon Fiddler                                    50     1   4  0  

Penalty Kill - 3 Players Defense
   Defense                  Defense                  Time % Phy DF OF 
 1 Alex Pietrangelo         Brooks Orpik             50     2   2  1  
 2 Jay Bouwmeester          Alec Martinez            50     2   2  1  

4 vs 4 Forward 
   Center                   Wing                     Time % Phy DF OF 
 1 Sidney Crosby            Steven Stamkos           57     0   2  3  
 2 Ryan Kesler              Gustav Nyquist           43     1   2  2  

4 vs 4 Defense
   Defense                  Defense                  Time % Phy DF OF 
 1 Jay Bouwmeester          Rasmus Ristolainen       57     1   2  2  
 2 Alec Martinez            Alex Pietrangelo         43     1   2  2  

Last Minutes Offensive
   Center                   Left Wing                Right Wing               Defense                  Defense                  
   Sidney Crosby            Gustav Nyquist           Steven Stamkos           Alex Pietrangelo         Rasmus Ristolainen       

Last Minutes Defensive
   Center                   Left Wing                Right Wing               Defense                  Defense                  
   Ryan Kesler              Chris Higgins            Dwight King              Alex Pietrangelo         Brooks Orpik             

Goaltenders
Starting : Karri Ramo               
Backup : Ondrej Pavelec           

Extra Forwards
Normal : Benoit Pouliot, Dwight King, Pierre-Alexandre Parenteau - PP : Pierre-Alexandre Parenteau, Dwight King - PK : Ryan Kesler
Extra Defensemen
Normal : Rasmus Ristolainen, Nikita Zadorov, Alec Martinez - PP : Nikita Zadorov - PK : Nikita Zadorov, Rasmus Ristolainen
Penalty Shots
Sidney Crosby, Gustav Nyquist, Chris Higgins, Pierre-Alexandre Parenteau, David Perron

Senators

5 vs 5 Forward 
   Center                   Left Wing                Right Wing               Time % Phy DF OF 
 1 Jonathan Toews           Boone Jenner             Jarome Iginla            35     1   2  2  
 2 Kyle Turris              Loui Eriksson            Phil Kessel              30     1   2  2  
 3 Dave Bolland             Michael Grabner          Tomas Jurco              22     1   2  2  
 4 Kyle Chipchura           Bryan Bickell            Mike Santorelli          13     1   2  2  

5 vs 5 Defense 
   Defense                  Defense                                           Time % Phy DF OF 
 1 Dion Phaneuf             Tyler Myers                                       35     1   2  2  
 2 Zach Bogosian            Johnny Oduya                                      30     1   2  2  
 3 Jake Gardiner            Connor Murphy                                     22     1   2  2  
 4 Dion Phaneuf             Tyler Myers                                       13     1   2  2  

PowerPlay Forward 
   Center                   Left Wing                Right Wing               Time % Phy DF OF 
 1 Jonathan Toews           Boone Jenner             Jarome Iginla            60     1   2  2  
 2 Kyle Turris              Loui Eriksson            Phil Kessel              40     1   2  2  

PowerPlay Defense
   Defense                  Defense                                           Time % Phy DF OF 
 1 Dion Phaneuf             Tyler Myers                                       60     1   2  2  
 2 Zach Bogosian            Johnny Oduya                                      40     1   2  2  

Penalty Kill 4 Players Forward 
   Center                   Wing                     Time % Phy DF OF 
 1 Jonathan Toews           Jarome Iginla            60     1   2  2  
 2 Phil Kessel              Kyle Turris              40     1   2  2  

Penalty Kill 4 Players Defense
   Defense                  Defense                  Time % Phy DF OF 
 1 Dion Phaneuf             Tyler Myers              60     1   2  2  
 2 Zach Bogosian            Johnny Oduya             40     1   2  2  

Penalty Kill - 3 Players Forward 
   Forward                                           Time % Phy DF OF 
 1 Jonathan Toews                                    60     1   2  2  
 2 Jarome Iginla                                     40     1   2  2  

Penalty Kill - 3 Players Defense
   Defense                  Defense                  Time % Phy DF OF 
 1 Dion Phaneuf             Tyler Myers              60     1   2  2  
 2 Zach Bogosian            Johnny Oduya             40     1   2  2  

4 vs 4 Forward 
   Center                   Wing                     Time % Phy DF OF 
 1 Jonathan Toews           Jarome Iginla            60     1   2  2  
 2 Phil Kessel              Kyle Turris              40     1   2  2  

4 vs 4 Defense
   Defense                  Defense                  Time % Phy DF OF 
 1 Dion Phaneuf             Tyler Myers              60     1   2  2  
 2 Zach Bogosian            Johnny Oduya             40     1   2  2  

Last Minutes Offensive
   Center                   Left Wing                Right Wing               Defense                  Defense                  
   Jonathan Toews           Boone Jenner             Jarome Iginla            Dion Phaneuf             Tyler Myers              

Last Minutes Defensive
   Center                   Left Wing                Right Wing               Defense                  Defense                  
   Jonathan Toews           Boone Jenner             Jarome Iginla            Dion Phaneuf             Tyler Myers              

Goaltenders
Starting : Steve Mason              
Backup : Jacob Markstrom          

Extra Forwards
Normal : Jonathan Toews, Jarome Iginla, Michael Grabner - PP : Jonathan Toews, Jarome Iginla - PK : Michael Grabner
Extra Defensemen
Normal : Jake Gardiner, Connor Murphy, Zach Bogosian - PP : Jake Gardiner - PK : Connor Murphy, Zach Bogosian
Penalty Shots
Jonathan Toews, Jarome Iginla, Phil Kessel, Kyle Turris, Boone Jenner

% Time on Ice - Sabres

Lines # - Real PCT - Wanted PCT - Time Play
Normal Forward
1 - 33% - 35% - 14:09
2 - 31% - 33% - 13:23
3 - 22% - 20% - 9:18
4 - 14% - 12% - 6:02
Normal Defense
1 - 37% - 35% - 16:04
2 - 33% - 30% - 14:15
3 - 28% - 25% - 11:53
4 - 2% - 10% - 0:40
PP Forward
1 - 52% - 57% - 3:47
2 - 48% - 43% - 3:26
PP Defense
1 - 63% - 57% - 4:33
2 - 37% - 43% - 2:40
PK Forward
1 - 48% - 50% - 4:48
2 - 52% - 50% - 5:07
PK Defense
1 - 60% - 50% - 5:58
2 - 40% - 50% - 3:57
PK3 Forward
1 - 0% - 50%
2 - 0% - 50%
PK3 Defense
1 - 0% - 50%
2 - 0% - 50%
44 Forward
1 - 0% - 57%
2 - 0% - 43%
44 Defense
1 - 0% - 57%
2 - 0% - 43%
Last Minute Offensive  - 0:00
Last Minute Defensive  - 0:00
Total
Forward - 60:00
Defense - 60:00

% Time on Ice - Senators

Lines # - Real PCT - Wanted PCT - Time Play
Normal Forward
1 - 29% - 35% - 12:31
2 - 27% - 30% - 11:38
3 - 25% - 22% - 10:36
4 - 19% - 13% - 8:07
Normal Defense
1 - 35% - 35% - 14:53
2 - 29% - 30% - 12:29
3 - 32% - 22% - 13:52
4 - 4% - 13% - 1:38
PP Forward
1 - 49% - 60% - 4:52
2 - 51% - 40% - 5:03
PP Defense
1 - 59% - 60% - 5:49
2 - 41% - 40% - 4:06
PK Forward
1 - 95% - 60% - 6:51
2 - 5% - 40% - 0:22
PK Defense
1 - 59% - 60% - 4:16
2 - 41% - 40% - 2:57
PK3 Forward
1 - 0% - 60%
2 - 0% - 40%
PK3 Defense
1 - 0% - 60%
2 - 0% - 40%
44 Forward
1 - 0% - 60%
2 - 0% - 40%
44 Defense
1 - 0% - 60%
2 - 0% - 40%
Last Minute Offensive  - 0:00
Last Minute Defensive  - 0:00
Total
Forward - 60:00
Defense - 60:00

Play by Play

1st period


0:01 of 1st period - Sidney Crosby wins face-off versus Jonathan Toews in neutral zone.
0:04 of 1st period - Wrist shot by Steven Stamkos.
0:04 of 1st period - Shot Misses the Net.
0:49 of 1st period - Off-side.
0:50 of 1st period - Kyle Turris wins face-off versus Ryan Kesler in neutral zone.
1:30 of 1st period - Penalty Shot by Jay Bouwmeester for Sabres.
1:30 of 1st period - Deke by Jay Bouwmeester.
1:30 of 1st period - Goal by Jay Bouwmeester - Sabres : 1 - Senators : 0.
1:31 of 1st period - Tomas Jurco wins face-off versus Vernon Fiddler in neutral zone.
1:32 of 1st period - Dave Bolland wins face-off versus Vernon Fiddler in Sabres zone.
1:56 of 1st period - Wrist shot by Michael Grabner.
1:56 of 1st period - Stopped by Karri Ramo with a rebound.
1:58 of 1st period - Snap shot by Tomas Jurco.
1:58 of 1st period - Stopped by Karri Ramo with a rebound.
2:00 of 1st period - Slapshot by Connor Murphy.
2:00 of 1st period - Deflect By Michael Grabner.
2:00 of 1st period - Shot Blocked by Rasmus Ristolainen.
2:00 of 1st period - Puck is out of play.
2:01 of 1st period - Boyd Gordon wins face-off versus Kyle Chipchura in Sabres zone.
2:03 of 1st period - Minor Penalty to Alex Pietrangelo for Roughing.
2:04 of 1st period - Jonathan Toews wins face-off versus Boyd Gordon in Sabres zone.
2:36 of 1st period - Wrist shot by Boone Jenner.
2:36 of 1st period - Stopped by Karri Ramo with a rebound.
3:09 of 1st period - Snap shot by Loui Eriksson.
3:09 of 1st period - Stopped by Karri Ramo with a rebound.
3:11 of 1st period - Slapshot by Johnny Oduya.
3:11 of 1st period - Stopped by Karri Ramo with a rebound.
3:13 of 1st period - Snap shot by Loui Eriksson.
3:13 of 1st period - Shot Misses the Net.
3:15 of 1st period - Snap shot by Phil Kessel.
3:15 of 1st period - Stopped by Karri Ramo with a rebound.
4:02 of 1st period - Dion Phaneuf is hit by Vernon Fiddler and loses puck.
4:03 of 1st period - Penalty to Alex Pietrangelo is over, Alex Pietrangelo is back on ice.
4:15 of 1st period - Jake Gardiner is hit by Dwight King.
4:27 of 1st period - Slapshot by Bryan Bickell.
4:27 of 1st period - Shot Blocked by Jay Bouwmeester.
4:29 of 1st period - Wrist shot by Bryan Bickell.
4:29 of 1st period - Stopped by Karri Ramo without a rebound.
4:30 of 1st period - Kyle Chipchura wins face-off versus Sidney Crosby in Sabres zone.
4:43 of 1st period - Slapshot by Bryan Bickell.
4:43 of 1st period - Stopped by Karri Ramo with a rebound.
4:45 of 1st period - Wrist shot by Mike Santorelli.
4:45 of 1st period - Stopped by Karri Ramo with a rebound.
4:47 of 1st period - Snap shot by Mike Santorelli.
4:47 of 1st period - Stopped by Karri Ramo without a rebound.
4:48 of 1st period - Sidney Crosby wins face-off versus Dave Bolland in Sabres zone.
5:06 of 1st period - Off-side.
5:07 of 1st period - Ryan Kesler wins face-off versus Dave Bolland in neutral zone.
5:14 of 1st period - Backhand shot by Tomas Jurco.
5:14 of 1st period - Shot Misses the Net.
5:36 of 1st period - Brooks Orpik is hit by Zach Bogosian and loses puck.
6:04 of 1st period - Boyd Gordon is hit by Jarome Iginla and loses puck.
6:09 of 1st period - Slapshot by Jonathan Toews.
6:09 of 1st period - Stopped by Karri Ramo without a rebound.
6:10 of 1st period - Kyle Turris wins face-off versus Sidney Crosby in Sabres zone.
6:19 of 1st period - Loui Eriksson is hit by Nikita Zadorov and loses puck.
6:28 of 1st period - Snap shot by Sidney Crosby.
6:28 of 1st period - Stopped by Steve Mason with a rebound.
6:30 of 1st period - Snap shot by Gustav Nyquist.
6:30 of 1st period - Shot Blocked by Tyler Myers.
6:32 of 1st period - Slapshot by Rasmus Ristolainen.
6:32 of 1st period - Shot Blocked by Dion Phaneuf.
6:34 of 1st period - Slapshot by Rasmus Ristolainen.
6:34 of 1st period - Shot Blocked by Dion Phaneuf.
6:36 of 1st period - Wrist shot by Nikita Zadorov.
6:36 of 1st period - Stopped by Steve Mason without a rebound.
6:37 of 1st period - Vernon Fiddler wins face-off versus Jonathan Toews in Senators zone.
6:42 of 1st period - Wrist shot by Pierre-Alexandre Parenteau.
6:42 of 1st period - Shot Blocked by Jonathan Toews.
7:20 of 1st period - Minor Penalty to Jonathan Toews for Holding.
7:21 of 1st period - Sidney Crosby wins face-off versus Michael Grabner in Senators zone.
7:32 of 1st period - Snap shot by Sidney Crosby.
7:32 of 1st period - Shot Misses the Net.
7:34 of 1st period - Slapshot by Rasmus Ristolainen.
7:34 of 1st period - Goal by Rasmus Ristolainen - Sabres : 2 - Senators : 0.
7:35 of 1st period - Kyle Turris wins face-off versus Sidney Crosby in neutral zone.
7:48 of 1st period - Snap shot by Kyle Turris.
7:48 of 1st period - Shot Blocked by Brooks Orpik.
7:50 of 1st period - Slapshot by Kyle Turris.
7:50 of 1st period - Shot Misses the Net.
8:33 of 1st period - Kyle Chipchura is hit by Brooks Orpik and loses puck.
8:55 of 1st period - Ryan Kesler is hit by Bryan Bickell and loses puck.
9:12 of 1st period - Wrist shot by Jack Skille.
9:12 of 1st period - Shot Misses the Net.
9:14 of 1st period - Slapshot by Boyd Gordon.
9:14 of 1st period - Stopped by Steve Mason with a rebound.
9:16 of 1st period - Snap shot by Boyd Gordon.
9:16 of 1st period - Shot Hit the Post.
10:16 of 1st period - Wrist shot by Tomas Jurco.
10:16 of 1st period - Shot Misses the Net.
10:18 of 1st period - Snap shot by Jake Gardiner.
10:18 of 1st period - Shot Blocked by Rasmus Ristolainen.
10:20 of 1st period - Wrist shot by Michael Grabner.
10:20 of 1st period - Shot Blocked by Nikita Zadorov.
10:22 of 1st period - Snap shot by Dave Bolland.
10:22 of 1st period - Shot Misses the Net.
10:26 of 1st period - Wrist shot by Tomas Jurco.
10:26 of 1st period - Deflect By Dave Bolland.
10:26 of 1st period - Shot Misses the Net.
10:26 of 1st period - Puck is out of play.
10:27 of 1st period - Sidney Crosby wins face-off versus Kyle Turris in Sabres zone.
10:29 of 1st period - Minor Penalty to Brooks Orpik for Hooking.
10:30 of 1st period - Vernon Fiddler wins face-off versus Kyle Turris in Sabres zone.
10:42 of 1st period - Snap shot by Loui Eriksson.
10:42 of 1st period - Deflect By Phil Kessel.
10:42 of 1st period - Shot Misses the Net.
10:42 of 1st period - Puck is out of play.
10:43 of 1st period - Kyle Turris wins face-off versus Dwight King in Sabres zone.
11:47 of 1st period - Dwight King is hit by Jarome Iginla and loses puck.
11:54 of 1st period - Snap shot by Jonathan Toews.
11:54 of 1st period - Shot Blocked by Dwight King.
12:29 of 1st period - Penalty to Brooks Orpik is over, Brooks Orpik is back on ice.
13:04 of 1st period - Wrist shot by Michael Grabner.
13:04 of 1st period - Stopped by Karri Ramo with a rebound.
13:04 of 1st period - Karri Ramo from Sabres is injured at 13:04 of 1st period (Separated Left Shoulder).
13:04 of 1st period - Ondrej Pavelec enters game.
13:05 of 1st period - Sidney Crosby wins face-off versus Kyle Turris in Sabres zone.
13:14 of 1st period - Wrist shot by Gustav Nyquist.
13:14 of 1st period - Shot Blocked by Tyler Myers.
13:34 of 1st period - Wrist shot by Phil Kessel.
13:34 of 1st period - Shot Misses the Net.
13:36 of 1st period - Wrist shot by Kyle Turris.
13:36 of 1st period - Shot Misses the Net.
13:38 of 1st period - Slapshot by Dion Phaneuf.
13:38 of 1st period - Stopped by Ondrej Pavelec with a rebound.
13:40 of 1st period - Snap shot by Tyler Myers.
13:40 of 1st period - Stopped by Ondrej Pavelec without a rebound.
13:41 of 1st period - Ryan Kesler wins face-off versus Jonathan Toews in Sabres zone.
13:41 of 1st period - Ryan Kesler is hit by Zach Bogosian.
14:38 of 1st period - Dion Phaneuf is hit by Vernon Fiddler and loses puck.
14:47 of 1st period - Wrist shot by Pierre-Alexandre Parenteau.
14:47 of 1st period - Stopped by Steve Mason with a rebound.
16:03 of 1st period - Jay Bouwmeester is hit by Phil Kessel and loses puck.
16:33 of 1st period - Johnny Oduya is hit by Ryan Kesler and loses puck.
16:42 of 1st period - Snap shot by Benoit Pouliot.
16:42 of 1st period - Shot Blocked by Zach Bogosian.
16:44 of 1st period - Wrist shot by Rasmus Ristolainen.
16:44 of 1st period - Deflect By David Perron.
16:44 of 1st period - Shot Misses the Net.
16:44 of 1st period - Puck is out of play.
16:45 of 1st period - Jonathan Toews wins face-off versus David Perron in Senators zone.
16:52 of 1st period - Benoit Pouliot is hit by Connor Murphy and loses puck.
17:29 of 1st period - Snap shot by Jake Gardiner.
17:29 of 1st period - Shot Misses the Net.
17:31 of 1st period - Slapshot by Connor Murphy.
17:31 of 1st period - Shot Misses the Net.
17:33 of 1st period - Snap shot by Michael Grabner.
17:33 of 1st period - Stopped by Ondrej Pavelec with a rebound.
17:35 of 1st period - Slapshot by Connor Murphy.
17:35 of 1st period - Stopped by Ondrej Pavelec without a rebound.
17:36 of 1st period - Mike Santorelli wins face-off versus Sidney Crosby in Sabres zone.
18:35 of 1st period - Vernon Fiddler is hit by Johnny Oduya and loses puck.
18:42 of 1st period - Wrist shot by Loui Eriksson.
18:42 of 1st period - Shot Misses the Net.
18:44 of 1st period - Snap shot by Dion Phaneuf.
18:44 of 1st period - Shot Blocked by Brooks Orpik.
19:46 of 1st period - Minor Penalty to Pierre-Alexandre Parenteau for Goalie Interference.
19:47 of 1st period - Vernon Fiddler wins face-off versus Kyle Turris in Sabres zone.
Goals for this period are 2 for Sabres vs 0 for Senators.
Shots for this period are 5 for Sabres vs 16 for Senators.

2nd period


0:01 of 2nd period - Vernon Fiddler wins face-off versus Jonathan Toews in neutral zone.
0:08 of 2nd period - Slapshot by Dwight King.
0:08 of 2nd period - Stopped by Steve Mason without a rebound.
0:09 of 2nd period - Vernon Fiddler wins face-off versus Jonathan Toews in Senators zone.
1:23 of 2nd period - Johnny Oduya is hit by Vernon Fiddler.
1:46 of 2nd period - Penalty to Pierre-Alexandre Parenteau is over, Pierre-Alexandre Parenteau is back on ice.
1:49 of 2nd period - Snap shot by Jarome Iginla.
1:49 of 2nd period - Stopped by Ondrej Pavelec with a rebound.
1:51 of 2nd period - Wrist shot by Boone Jenner.
1:51 of 2nd period - Shot Misses the Net.
2:01 of 2nd period - Wrist shot by Tomas Jurco.
2:01 of 2nd period - Shot Misses the Net.
2:21 of 2nd period - Wrist shot by Tomas Jurco.
2:21 of 2nd period - Shot Misses the Net.
2:23 of 2nd period - Wrist shot by Dave Bolland.
2:23 of 2nd period - Shot Misses the Net.
2:25 of 2nd period - Slapshot by Jake Gardiner.
2:25 of 2nd period - Stopped by Ondrej Pavelec without a rebound.
2:26 of 2nd period - Kyle Chipchura wins face-off versus Sidney Crosby in Sabres zone.
3:01 of 2nd period - Sidney Crosby is hit by Dion Phaneuf and loses puck.
4:16 of 2nd period - Snap shot by Michael Grabner.
4:16 of 2nd period - Shot Misses the Net.
4:18 of 2nd period - Slapshot by Connor Murphy.
4:18 of 2nd period - Deflect By Tomas Jurco.
4:18 of 2nd period - Shot Misses the Net.
4:18 of 2nd period - Puck is out of play.
4:19 of 2nd period - Sidney Crosby wins face-off versus Jonathan Toews in Sabres zone.
5:06 of 2nd period - Wrist shot by Pierre-Alexandre Parenteau.
5:06 of 2nd period - Stopped by Steve Mason with a rebound.
5:08 of 2nd period - Slapshot by Jay Bouwmeester.
5:08 of 2nd period - Shot Blocked by Zach Bogosian.
5:34 of 2nd period - Wrist shot by Bryan Bickell.
5:34 of 2nd period - Shot Misses the Net.
5:40 of 2nd period - Snap shot by Mike Santorelli.
5:40 of 2nd period - Stopped by Ondrej Pavelec without a rebound.
5:41 of 2nd period - Ryan Kesler wins face-off versus Kyle Turris in Sabres zone.
7:03 of 2nd period - Slapshot by Jack Skille.
7:03 of 2nd period - Stopped by Steve Mason with a rebound.
7:11 of 2nd period - Snap shot by Dwight King.
7:11 of 2nd period - Shot Blocked by Jake Gardiner.
7:53 of 2nd period - Mike Santorelli is hit by Nikita Zadorov and loses puck.
8:16 of 2nd period - Wrist shot by Jarome Iginla.
8:16 of 2nd period - Stopped by Ondrej Pavelec with a rebound.
8:18 of 2nd period - Wrist shot by Jonathan Toews.
8:18 of 2nd period - Shot Misses the Net.
8:58 of 2nd period - Snap shot by Steven Stamkos.
8:58 of 2nd period - Stopped by Steve Mason without a rebound.
8:59 of 2nd period - Dave Bolland wins face-off versus Sidney Crosby in Senators zone.
9:23 of 2nd period - Minor Penalty to Tyler Myers for Holding.
9:24 of 2nd period - Jonathan Toews wins face-off versus Sidney Crosby in Senators zone.
9:33 of 2nd period - Off-side.
9:34 of 2nd period - Steven Stamkos wins face-off versus Jonathan Toews in neutral zone.
9:37 of 2nd period - Snap shot by Sidney Crosby.
9:37 of 2nd period - Shot Misses the Net.
9:47 of 2nd period - Wrist shot by Steven Stamkos.
9:47 of 2nd period - Shot Misses the Net.
10:02 of 2nd period - Off-side.
10:03 of 2nd period - Jonathan Toews wins face-off versus Ryan Kesler in neutral zone.
10:15 of 2nd period - Icing by Alec Martinez.
10:16 of 2nd period - Ryan Kesler wins face-off versus Jonathan Toews in Sabres zone.
10:16 of 2nd period - Ryan Kesler is hit by Dion Phaneuf.
11:20 of 2nd period - Boone Jenner is hit by Alec Martinez and loses puck.
11:23 of 2nd period - Penalty to Tyler Myers is over, Tyler Myers is back on ice.
11:27 of 2nd period - Slapshot by Zach Bogosian.
11:27 of 2nd period - Shot Blocked by Alex Pietrangelo.
11:54 of 2nd period - Snap shot by Vernon Fiddler.
11:54 of 2nd period - Stopped by Steve Mason with a rebound.
12:06 of 2nd period - Snap shot by Pierre-Alexandre Parenteau.
12:06 of 2nd period - Shot Misses the Net.
12:20 of 2nd period - Tyler Myers is hit by Dwight King.
12:32 of 2nd period - Kyle Turris is hit by Nikita Zadorov and loses puck.
12:41 of 2nd period - Snap shot by Kyle Turris.
12:41 of 2nd period - Shot Misses the Net.
12:43 of 2nd period - Slapshot by Connor Murphy.
12:43 of 2nd period - Stopped by Ondrej Pavelec with a rebound.
12:45 of 2nd period - Slapshot by Connor Murphy.
12:45 of 2nd period - Shot Misses the Net.
12:47 of 2nd period - Slapshot by Connor Murphy.
12:47 of 2nd period - Stopped by Ondrej Pavelec with a rebound.
12:49 of 2nd period - Wrist shot by Loui Eriksson.
12:49 of 2nd period - Goal by Loui Eriksson - Sabres : 2 - Senators : 1.
12:50 of 2nd period - Kyle Turris wins face-off versus Gustav Nyquist in neutral zone.
13:01 of 2nd period - Wrist shot by Kyle Turris.
13:01 of 2nd period - Stopped by Ondrej Pavelec with a rebound.
13:03 of 2nd period - Slapshot by Tyler Myers.
13:03 of 2nd period - Shot Misses the Net.
13:05 of 2nd period - Slapshot by Loui Eriksson.
13:05 of 2nd period - Shot Misses the Net.
13:07 of 2nd period - Wrist shot by Kyle Turris.
13:07 of 2nd period - Shot Misses the Net.
13:09 of 2nd period - Slapshot by Dion Phaneuf.
13:09 of 2nd period - Deflect By Phil Kessel.
13:09 of 2nd period - Shot Misses the Net.
13:09 of 2nd period - Puck is out of play.
13:10 of 2nd period - Sidney Crosby wins face-off versus Kyle Turris in Sabres zone.
13:12 of 2nd period - Minor Penalty to Sidney Crosby for Interference.
13:13 of 2nd period - Jonathan Toews wins face-off versus Boyd Gordon in Sabres zone.
13:15 of 2nd period - Snap shot by Jarome Iginla.
13:15 of 2nd period - Stopped by Ondrej Pavelec with a rebound.
13:25 of 2nd period - Snap shot by Jarome Iginla.
13:25 of 2nd period - Shot Misses the Net.
13:27 of 2nd period - Slapshot by Dion Phaneuf.
13:27 of 2nd period - Shot Blocked by Jay Bouwmeester.
14:20 of 2nd period - Snap shot by Kyle Turris.
14:20 of 2nd period - Shot Blocked by Boyd Gordon.
14:22 of 2nd period - Snap shot by Kyle Turris.
14:22 of 2nd period - Shot Misses the Net.
14:24 of 2nd period - Snap shot by Phil Kessel.
14:24 of 2nd period - Stopped by Ondrej Pavelec without a rebound.
14:25 of 2nd period - Jonathan Toews wins face-off versus Vernon Fiddler in Sabres zone.
15:12 of 2nd period - Penalty to Sidney Crosby is over, Sidney Crosby is back on ice.
15:41 of 2nd period - Wrist shot by Nikita Zadorov.
15:41 of 2nd period - Shot Blocked by Dave Bolland.
15:49 of 2nd period - Backhand shot by David Perron.
15:49 of 2nd period - Deflect By Zach Bogosian.
15:49 of 2nd period - Stopped by Steve Mason with a rebound.
15:51 of 2nd period - Slapshot by Rasmus Ristolainen.
15:51 of 2nd period - Shot Misses the Net.
15:53 of 2nd period - Snap shot by Ryan Kesler.
15:53 of 2nd period - Stopped by Steve Mason with a rebound.
15:55 of 2nd period - Slapshot by Rasmus Ristolainen.
15:55 of 2nd period - Shot Blocked by Zach Bogosian.
16:01 of 2nd period - Minor Penalty to Zach Bogosian for Interference.
16:02 of 2nd period - Sidney Crosby wins face-off versus Jonathan Toews in Senators zone.
17:14 of 2nd period - Connor Murphy is hit by Benoit Pouliot and loses puck.
18:01 of 2nd period - Penalty to Zach Bogosian is over, Zach Bogosian is back on ice.
18:04 of 2nd period - Jay Bouwmeester is hit by Zach Bogosian and loses puck.
18:13 of 2nd period - Snap shot by Steven Stamkos.
18:13 of 2nd period - Stopped by Steve Mason with a rebound.
18:15 of 2nd period - Slapshot by Alex Pietrangelo.
18:15 of 2nd period - Stopped by Steve Mason with a rebound.
18:17 of 2nd period - Wrist shot by Steven Stamkos.
18:17 of 2nd period - Stopped by Steve Mason without a rebound.
18:18 of 2nd period - Kyle Turris wins face-off versus Sidney Crosby in Senators zone.
18:31 of 2nd period - Snap shot by Phil Kessel.
18:31 of 2nd period - Shot Blocked by Alex Pietrangelo.
18:33 of 2nd period - Wrist shot by Phil Kessel.
18:33 of 2nd period - Stopped by Ondrej Pavelec with a rebound.
19:01 of 2nd period - Tyler Myers is hit by Steven Stamkos.
19:35 of 2nd period - Wrist shot by Bryan Bickell.
19:35 of 2nd period - Shot Blocked by Jay Bouwmeester.
19:37 of 2nd period - Snap shot by Kyle Chipchura.
19:37 of 2nd period - Stopped by Ondrej Pavelec with a rebound.
19:39 of 2nd period - Slapshot by Connor Murphy.
19:39 of 2nd period - Stopped by Ondrej Pavelec with a rebound.
19:41 of 2nd period - Slapshot by Jake Gardiner.
19:41 of 2nd period - Stopped by Ondrej Pavelec with a rebound.
19:43 of 2nd period - Slapshot by Jake Gardiner.
19:43 of 2nd period - Shot Misses the Net.
19:49 of 2nd period - Wrist shot by Bryan Bickell.
19:49 of 2nd period - Shot Misses the Net.
Goals for this period are 0 for Sabres vs 1 for Senators.
Shots for this period are 10 for Sabres vs 14 for Senators.

3rd period


0:01 of 3rd period - Jonathan Toews wins face-off versus Gustav Nyquist in neutral zone.
0:41 of 3rd period - Icing by Dion Phaneuf.
0:42 of 3rd period - Ryan Kesler wins face-off versus Jonathan Toews in Senators zone.
0:47 of 3rd period - Snap shot by Ryan Kesler.
0:47 of 3rd period - Shot Misses the Net.
1:55 of 3rd period - Snap shot by Tomas Jurco.
1:55 of 3rd period - Shot Misses the Net.
2:35 of 3rd period - Connor Murphy is hit by Brooks Orpik and loses puck.
2:36 of 3rd period - Connor Murphy from Senators is injured at 2:36 of 3rd period (Right Eye).
2:37 of 3rd period - Sidney Crosby wins face-off versus Jonathan Toews in Senators zone.
2:38 of 3rd period - Slapshot by Steven Stamkos.
2:38 of 3rd period - Shot Blocked by Jarome Iginla.
2:40 of 3rd period - Slapshot by Alex Pietrangelo.
2:40 of 3rd period - Stopped by Steve Mason with a rebound.
2:42 of 3rd period - Wrist shot by Brooks Orpik.
2:42 of 3rd period - Shot Misses the Net.
2:44 of 3rd period - Wrist shot by Alex Pietrangelo.
2:44 of 3rd period - Shot Misses the Net.
2:46 of 3rd period - Slapshot by Brooks Orpik.
2:46 of 3rd period - Shot Misses the Net.
2:48 of 3rd period - Slapshot by Brooks Orpik.
2:48 of 3rd period - Stopped by Steve Mason with a rebound.
2:50 of 3rd period - Snap shot by Brooks Orpik.
2:50 of 3rd period - Shot Misses the Net.
3:02 of 3rd period - Snap shot by Steven Stamkos.
3:02 of 3rd period - Shot Misses the Net.
3:04 of 3rd period - Slapshot by Steven Stamkos.
3:04 of 3rd period - Shot Blocked by Boone Jenner.
3:21 of 3rd period - Minor Penalty to Jarome Iginla for High sticking.
3:22 of 3rd period - Jonathan Toews wins face-off versus Ryan Kesler in Senators zone.
3:41 of 3rd period - Snap shot by Gustav Nyquist.
3:41 of 3rd period - Deflect By Zach Bogosian.
3:41 of 3rd period - Shot Blocked by Johnny Oduya.
3:41 of 3rd period - Puck is out of play.
3:42 of 3rd period - Ryan Kesler wins face-off versus Jonathan Toews in Senators zone.
3:45 of 3rd period - Snap shot by Ryan Kesler.
3:45 of 3rd period - Stopped by Steve Mason without a rebound.
3:46 of 3rd period - Sidney Crosby wins face-off versus Jonathan Toews in Senators zone.
3:55 of 3rd period - Michael Grabner is hit by Rasmus Ristolainen and loses puck.
4:51 of 3rd period - Zach Bogosian is hit by David Perron and loses puck.
5:21 of 3rd period - Penalty to Jarome Iginla is over, Jarome Iginla is back on ice.
5:25 of 3rd period - Slapshot by Phil Kessel.
5:25 of 3rd period - Shot Misses the Net.
5:27 of 3rd period - Slapshot by Zach Bogosian.
5:27 of 3rd period - Stopped by Ondrej Pavelec with a rebound.
5:29 of 3rd period - Slapshot by Zach Bogosian.
5:29 of 3rd period - Stopped by Ondrej Pavelec without a rebound.
5:30 of 3rd period - Kyle Turris wins face-off versus Boyd Gordon in Sabres zone.
5:34 of 3rd period - Minor Penalty to Brooks Orpik for Holding.
5:35 of 3rd period - Kyle Turris wins face-off versus Boyd Gordon in Sabres zone.
7:03 of 3rd period - Slapshot by Dwight King.
7:03 of 3rd period - Shot Misses the Net.
7:09 of 3rd period - Vernon Fiddler is hit by Kyle Turris and loses puck.
7:28 of 3rd period - Slapshot by Jarome Iginla.
7:28 of 3rd period - Shot Misses the Net.
7:30 of 3rd period - Slapshot by Dion Phaneuf.
7:30 of 3rd period - Deflect By Alex Pietrangelo.
7:30 of 3rd period - Stopped by Ondrej Pavelec with a rebound.
7:34 of 3rd period - Penalty to Brooks Orpik is over, Brooks Orpik is back on ice.
8:43 of 3rd period - Snap shot by David Perron.
8:43 of 3rd period - Shot Misses the Net.
8:47 of 3rd period - Wrist shot by Benoit Pouliot.
8:47 of 3rd period - Stopped by Steve Mason with a rebound.
8:53 of 3rd period - Jay Bouwmeester is hit by Bryan Bickell and loses puck.
10:19 of 3rd period - Slapshot by Alex Pietrangelo.
10:19 of 3rd period - Stopped by Steve Mason with a rebound.
10:48 of 3rd period - Wrist shot by Phil Kessel.
10:48 of 3rd period - Shot Misses the Net.
11:32 of 3rd period - Backhand shot by Jake Gardiner.
11:32 of 3rd period - Stopped by Ondrej Pavelec with a rebound.
12:46 of 3rd period - Off-side.
12:47 of 3rd period - Boyd Gordon wins face-off versus Dave Bolland in neutral zone.
13:12 of 3rd period - Jarome Iginla is hit by Ryan Kesler.
13:39 of 3rd period - Zach Bogosian is hit by Brooks Orpik and loses puck.
14:15 of 3rd period - Alec Martinez is hit by Phil Kessel and loses puck.
14:46 of 3rd period - Slapshot by Dwight King.
14:46 of 3rd period - Stopped by Steve Mason without a rebound.
14:47 of 3rd period - Boyd Gordon wins face-off versus Jonathan Toews in Senators zone.
14:51 of 3rd period - Icing by Zach Bogosian.
14:52 of 3rd period - Jarome Iginla wins face-off versus Ryan Kesler in Senators zone.
14:52 of 3rd period - Jarome Iginla is hit by Benoit Pouliot.
15:16 of 3rd period - Michael Grabner is hit by Brooks Orpik and loses puck.
15:29 of 3rd period - Wrist shot by David Perron.
15:29 of 3rd period - Stopped by Steve Mason with a rebound.
15:39 of 3rd period - Sidney Crosby is hit by Tyler Myers and loses puck.
15:52 of 3rd period - Snap shot by Sidney Crosby.
15:52 of 3rd period - Stopped by Steve Mason with a rebound.
15:54 of 3rd period - Slapshot by Alec Martinez.
15:54 of 3rd period - Stopped by Steve Mason with a rebound.
15:56 of 3rd period - Backhand shot by Jay Bouwmeester.
15:56 of 3rd period - Shot Blocked by Tyler Myers.
16:20 of 3rd period - Slapshot by Alex Pietrangelo.
16:20 of 3rd period - Deflect By Dwight King.
16:20 of 3rd period - Shot Blocked by Michael Grabner.
16:20 of 3rd period - Puck is out of play.
16:21 of 3rd period - Boyd Gordon wins face-off versus Kyle Turris in Senators zone.
16:28 of 3rd period - Kyle Turris is hit by Dwight King and loses puck.
18:12 of 3rd period - Slapshot by Dion Phaneuf.
18:12 of 3rd period - Stopped by Ondrej Pavelec without a rebound.
18:13 of 3rd period - Sidney Crosby wins face-off versus Loui Eriksson in Sabres zone.
18:22 of 3rd period - Snap shot by Steven Stamkos.
18:22 of 3rd period - Shot Misses the Net.
18:28 of 3rd period - Snap shot by Steven Stamkos.
18:28 of 3rd period - Stopped by Steve Mason with a rebound.
18:30 of 3rd period - Slapshot by Rasmus Ristolainen.
18:30 of 3rd period - Shot Blocked by Dion Phaneuf.
18:32 of 3rd period - Wrist shot by Sidney Crosby.
18:32 of 3rd period - Shot Misses the Net.
18:34 of 3rd period - Slapshot by Steven Stamkos.
18:34 of 3rd period - Stopped by Steve Mason without a rebound.
18:35 of 3rd period - Vernon Fiddler wins face-off versus Kyle Chipchura in Senators zone.
18:40 of 3rd period - Snap shot by Chris Higgins.
18:40 of 3rd period - Stopped by Steve Mason without a rebound.
18:41 of 3rd period - Pierre-Alexandre Parenteau wins face-off versus Bryan Bickell in Senators zone.
18:57 of 3rd period - Minor Penalty to Zach Bogosian for Hooking.
18:58 of 3rd period - Sidney Crosby wins face-off versus Jarome Iginla in Senators zone.
19:52 of 3rd period - Tyler Myers is hit by David Perron and loses puck.
Goals for this period are 0 for Sabres vs 0 for Senators.
Shots for this period are 12 for Sabres vs 5 for Senators.